 Dungeon Crawl Stone Soup version 0.29.1-15-g9cfb28693d (webtiles) character file.

Game seed: 549333095717408784

541 safid the Chiller (level 7, -5/55 HPs)
             Began as a Merfolk Ice Elementalist on Mar 16, 2023.
             Slain by a two-headed ogre
             ... wielding a +0 giant spiked club
              (12 damage)
             ... on level 5 of the Dungeon.
             The game lasted 00:09:58 (5390 turns).

safid the Chiller (Merfolk Ice Elementalist)        Turns: 5390, Time: 00:09:59

Health: -5/55      AC: 11    Str:  8    XL:     7   Next: 26%
Magic:  5/13       EV: 12    Int: 21    God:
Gold:   257        SH:  0    Dex: 15    Spells: 7/14 levels left

rFire   . . .      SeeInvis .   o - +4 dagger "Morg" {pain, Will+ Int+5}
rCold   . . .      Faith    .   (no shield)
rNeg    . . .      Spirit   .   a - +0 robe
rPois   .          Reflect  .   d - +1 hat
rElec   .          Harm     .   (no cloak)
rCorr   .          Rampage  .   r - +0 pair of gloves
Will    ++...                   (no boots)
Stlth   ++........              (no amulet)
HPRegen 0.18/turn               g - ring of willpower
MPRegen 0.13/turn               (no ring)

@: ice-armoured, freezing walls
A: (nimble swimmer 2), mertail
a: no special abilities


You were on level 5 of the Dungeon.
You visited 1 branch of the dungeon, and saw 5 of its levels.

You collected 257 gold pieces.

Inventory:

Hand Weapons
 o - the +4 dagger "Morg" (weapon) {pain, Will+ Int+5}
   (You found it on level 2 of the Dungeon)

   In the hands of one skilled in necromantic magic, it inflicts extra damage on
   living creatures.
   Int:       It affects your intelligence (+5).
   Will:      It increases your willpower.
Armour
 a - a +0 robe (worn)
 d - a +1 hat (worn)
 r - a +0 pair of gloves (worn)
Jewellery
 g - a ring of willpower (left hand)
Scrolls
 c - a scroll of amnesia {unknown}
 e - 3 scrolls of enchant armour {unknown}
 i - 2 scrolls of teleportation {unknown}
 l - 8 scrolls of identify {unknown}
 q - a scroll of butterflies {unknown}
 s - a scroll of enchant weapon {unknown}
 t - 2 scrolls of blinking {unknown}
 u - a scroll of acquirement {unknown}
 v - a scroll of magic mapping {unknown}
 w - a scroll of noise {unknown}
Potions
 b - a potion of magic
 f - 2 potions of attraction {unknown}
 h - a potion of degeneration {unknown}
 j - 4 potions of mutation {unknown}
 k - 2 potions of invisibility {unknown}
 m - a potion of might {unknown}
 n - 2 potions of brilliance
 p - 2 potions of curing {unknown}


   Skills:
 + Level 4.4 Fighting
 - Level 2.6 Dodging
 - Level 2.1 Stealth
 + Level 4.4 Spellcasting
 + Level 6.4 Ice Magic


You had 7 spell levels left.
You knew the following spells:

 Your Spells              Type           Power      Damage    Failure   Level
a - Freeze                Ice            100%       1d11      1%          1
b - Frozen Ramparts       Ice            62%        1d10      2%          3
c - Ozocubu's Armour      Ice            31%        N/A       2%          3

Your spell library contained the following spells:

 Spells                   Type           Power      Damage    Failure   Level
 Ensorcelled Hibernation  Hex/Ice        36%        N/A       4%          2
 Apportation              Tloc           8%         N/A       12%         1
 Beastly Appendage        Tmut           8%         N/A       12%         1
 Necrotise                Necr           16%        1d4       12%         1
 Passwall                 Tmut/Erth      3%         N/A       17%         2
 Wereblood                Tmut           4%         N/A       17%         2
 Hailstorm                Conj/Ice       18%        3d6       30%         4
 Spider Form              Tmut/Pois      4%         N/A       34%         3
 Swiftness                Air            4%         N/A       34%         3
 Vampiric Draining        Necr           4%         2d6       34%         3
 Agony                    Necr           4%         N/A       97%         5
 Alistair's Intoxication  Tmut/Pois      2%         N/A       97%         5


Dungeon Overview and Level Annotations

Branches:
Dungeon (5/15)
 Temple: D:4-7

Altars:


Innate Abilities, Weirdness & Mutations

((You are very nimble when in or above water. (Stealth+, EV+, Speed+++)))
Your lower body shifts to a powerful aquatic tail in water.


Message History

You can't see any susceptible monsters within range! (Use Z to cast anyway.) Unknown command.
Unknown command.
Casting: Frozen Ramparts (dangerous; 2% risk of failure)
Confirm with . or Enter, or press ? or * to list all spells.
A film of ice covers your body!
Casting: Ozocubu's Armour (dangerous; 2% risk of failure)
Confirm with . or Enter, or press ? or * to list all spells.
Casting: Frozen Ramparts (dangerous; 2% risk of failure)
Press: ? - help, Dir - look around, f - activate The walls around you are covered in ice.
The wall freezes the two-headed ogre!
Unknown command.
You barely miss the two-headed ogre.
The two-headed ogre is lightly wounded.
The wall freezes the two-headed ogre.
The two-headed ogre hits you with a +0 giant spiked club!!
The two-headed ogre hits you with a +0 giant club!
* * * LOW HITPOINT WARNING * * *
Casting: Frozen Ramparts (dangerous; 2% risk of failure)
Confirm with . or Enter, or press ? or * to list all spells.
Aiming: Freeze (safe; 1% risk of failure)
Press: ? - help, Shift-Dir - straight line, f - two-headed ogre
Aim: a two-headed ogre, wielding a +0 giant spiked club and a +0 giant club (moderately wounded)
You freeze the two-headed ogre.
The two-headed ogre is moderately wounded.
Unknown command.
You are too injured to fight recklessly!
Casting: Freeze (safe; 1% risk of failure)
Confirm with . or Enter, or press ? or * to list all spells.
Aiming: Freeze (safe; 1% risk of failure)
Press: ? - help, Shift-Dir - straight line, f/p - two-headed ogre
Aim: a two-headed ogre, wielding a +0 giant spiked club and a +0 giant club (moderately wounded)
You freeze the two-headed ogre!
The two-headed ogre is heavily wounded.
The wall freezes the two-headed ogre.
The two-headed ogre hits you with a +0 giant spiked club!
* * * LOW HITPOINT WARNING * * *
The two-headed ogre hits you with a +0 giant club!
You die...

##...#...........##...........###
#...#.........................#.
#.....##.....................#..
#....##.......................#..
...#.. ..........................
# ................#.........#
.....#.........##..........
....#.....................
###..###..@####.#..#....<..
.....#####O## ###..#<...†..
.......#....##.............
......O..................##
#.............#.........##
............####.........##
..###.........##.........##
#....................##
#.......####.........##


You could see a two-headed ogre.

Vanquished Creatures
  2 necrophages (D:4)
  3 hounds
  2 iguanas
  Natasha (thrice) (D:2)
  7 gnolls
  3 adders
  An adder zombie (D:2)
  4 worms
  A dart slug (D:4)
  6 orcs
  A bat zombie (D:2)
  4 endoplasms
  2 giant cockroaches
  11 hobgoblins
  5 jackals (D:2)
  2 quokkas
  7 ball pythons
  A ball python simulacrum (D:2)
  2 ball python skeletons (D:2)
  3 bats
  3 frilled lizards (D:1)
  A giant cockroach zombie (D:2)
  7 goblins
  7 kobolds
  4 rats
92 creatures vanquished.

Vanquished Creatures (others)
  20 withered plants (D:2)
20 creatures vanquished.

Grand Total: 112 creatures vanquished

Notes
Turn   | Place    | Note
-------+----------+-------------------------------------------
     0 | D:1      | safid the Merfolk Ice Elementalist began the quest for the
                  | Orb.
     0 | D:1      | Reached XP level 1. HP: 13/13 MP: 3/3
   307 | D:1      | Reached XP level 2. HP: 20/20 MP: 3/5
   480 | D:1      | Reached skill level 1 in Fighting
  1289 | D:2      | Reached XP level 3. HP: 25/26 MP: 6/6
  1302 | D:2      | Learned a level 3 spell: Frozen Ramparts
  1306 | D:2      | Learned a level 3 spell: Ozocubu's Armour
  2094 | D:2      | Reached XP level 4. HP: 31/33 MP: 6/8
  2157 | D:2      | Reached skill level 5 in Ice Magic
  2231 | D:2      | Noticed Natasha
  2232 | D:2      | Found the +4 dagger "Morg" {pain, Will+ Int+5}
  2249 | D:2      | Killed Natasha
  2442 | D:2      | Noticed Natasha
  2452 | D:2      | Killed Natasha
  2453 | D:2      | Reached XP level 5. HP: 30/39 MP: 5/9
  2548 | D:2      | Noticed Natasha
  2550 | D:2      | Killed Natasha
  2827 | D:3      | Found a faded altar of an unknown god.
  4179 | D:4      | Reached XP level 6. HP: 24/45 MP: 7/11
  4556 | D:4      | Reached skill level 6 in Ice Magic
  4961 | D:5      | Entered Level 5 of the Dungeon
  5025 | D:5      | Reached XP level 7. HP: 32/54 MP: 8/13
  5379 | D:5      | Noticed a two-headed ogre
  5390 | D:5      | Slain by a two-headed ogre

Illustrated notes

Levels and vault maps discovered:
D:1:      minmay_arrival_shattered_statue, layout_loops_cross
D:2:      layout_loops_cross, mrwooster_statue_mirror, dilly_guarded_unrand_morg
D:3:      layout_loops_corners, dreamdust_ecumenical_altar_angels_and_demons,
          kennysheep_flooded_box, minmay_diced_spiral
D:4:      layout_gridville, minmay_misc_feat_plants, supply_closet_lemuel
D:5:      layout_cave_pools, minmay_circle_x, uniq_pikel

Skill      XL: |  1  2  3  4  5  6 |
---------------+-------------------+-----
Fighting       | 1 2 3 4 |  4.4
Ice Magic      | 5 6 |  6.4
Spellcasting   | 3 4 |  4.4
Dodging        | |  2.6
Stealth        | |  2.1

Action                   |  1- 3 |  4- 6 |  7- 9 || total
-------------------------+-------+-------+-------++-------
Melee: Rapier            |    69 |    23 |       ||    92
       Dagger            |       |   102 |    16 ||   118
       Punch             |       |     2 |       ||     2
 Cast: Freeze            |    46 |     6 |     2 ||    54
       Frozen Ramparts   |     1 |    17 |     6 ||    24
       Ozocubu's Armour  |       |     2 |     1 ||     3
  Use: Potion            |     1 |       |       ||     1
 Stab: Sleeping          |     1 |     2 |       ||     3
Armor: Robe              |    18 |    27 |     5 ||    50
Dodge: Dodged            |    59 |    71 |    13 ||   143
